PBL
DETROIT RED WINGS @ HAMILTON CARDINALS
08/06/2048
 
TOP OF THE 1ST
Detroit Red Wings batting - Pitching for Hamilton Cardinals : RHP Joaquin Gonzales
Pitching: RHP Joaquin Gonzales
Batting: RHB António Scarlett 0-0: Foul Ball, location: 2F
0-1: Ball
1-1: Foul Ball, location: 2F
1-2: SOLO HOME RUN (Line Drive, 7LD, EV 94.4 MPH), Distance : 350 ft
Batting: LHB Duda Pinho 0-0: Ball
1-0: Ground out 4-3 (Groundball, 4, EV 86.9 MPH)
Batting: LHB Iestyn Peacock 0-0: Ball
1-0: Ball
2-0: Foul Ball, location: 2F
2-1: Ball
3-1: Base on Balls
Batting: RHB Harry Tugnut 0-0: Ball
1-0: Swinging Strike
1-1: Called Strike
1-2: Fly out, F7 (Flyball, 7, EV 86.2 MPH)
Batting: RHB Alex Duarte 0-0: Ball
1-0: Ball
2-0: Foul Ball, location: 2F
2-1: Fly out, F8 (Flyball, 8LD, EV 92.5 MPH)
Top of the 1st over - 1 run, 1 hit, 0 errors, 1 left on base; Detroit 1 - Hamilton 0
BOTTOM OF THE 1ST
Hamilton Cardinals batting - Pitching for Detroit Red Wings : RHP Edwin Soto
Pitching: RHP Edwin Soto
Batting: SHB Kelly Brooks 0-0: Ball
1-0: Called Strike
1-1: Called Strike
1-2: Strikes out swinging
Batting: LHB Rafael Banda 0-0: Ground out U3 (Groundball, 34, EV 103.8 MPH)
Batting: SHB J.T. Ready 0-0: Ball
1-0: Called Strike
1-1: Ball
2-1: Ball
3-1: Called Strike
3-2: Base on Balls
Batting: RHB Shou-feng Chang 0-0: DOUBLE (Line Drive, 89D, EV 110.6 MPH)
J.T. Ready to third
Runner from 3rd tries for Home, throw by CF and OUT! 8-4-2
Bottom of the 1st over - 0 runs, 1 hit, 0 errors, 1 left on base; Detroit 1 - Hamilton 0
TOP OF THE 2ND
Detroit Red Wings batting - Pitching for Hamilton Cardinals : RHP Joaquin Gonzales
Batting: LHB Simon Barry 0-0: Called Strike
0-1: Ball
1-1: Swinging Strike
1-2: Fly out, F8 (Flyball, 78D, EV 89.4 MPH)
Batting: RHB Carlos Avila 0-0: Ball
1-0: Foul Ball, location: 2F
1-1: Foul Ball, location: 2F
1-2: Ball
2-2: Strikes out looking
Batting: RHB Cody Kafer 0-0: Ball
1-0: Ground out 5-3 (Groundball, 56, EV 91.2 MPH)
Top of the 2nd over - 0 runs, 0 hits, 0 errors, 0 left on base; Detroit 1 - Hamilton 0
BOTTOM OF THE 2ND
Hamilton Cardinals batting - Pitching for Detroit Red Wings : RHP Edwin Soto
Batting: RHB Kyle Franken 0-0: Foul Ball, location: 2F
0-1: Foul Ball, location: 2F
0-2: Ball
1-2: Ball
2-2: Foul Ball, location: 2F
2-2: Foul Ball, location: 2F
2-2: Ball
3-2: Reached on error, E3 (Groundball, 34, EV 80.0 MPH)
Batting: RHB Matt Shaw 0-0: Ball
1-0: Foul Ball, location: 2F
1-1: Ball
2-1: Ball
3-1: Base on Balls
Kyle Franken to second
Batting: SHB Brad Meyer 0-0: Ball
1-0: Ball
2-0: Called Strike
2-1: SINGLE (Groundball, 6, EV 93.8 MPH)
Kyle Franken to third
Matt Shaw to second
Batting: SHB Felipe Campanella 0-0: Foul Ball, location: 2F
0-1: Foul Ball, location: 2F
0-2: Foul Ball, location: 2F
0-2: Ball
1-2: Foul Ball, location: 2F
1-2: Ball
2-2: Ball
3-2: Foul Ball, location: 2F
3-2: Fly out, F8 (Flyball, 8RM, EV 98.1 MPH)
Batting: RHB Oscar Higareda 0-0: Ball
1-0: Ball
2-0: Fly out, F7 (Flyball, 7, EV 77.5 MPH)
Batting: SHB Kelly Brooks 0-0: Ball
1-0: Ball
2-0: Foul Ball, location: 2F
2-1: Ball
3-1: Fly out, F8 (Flyball, 8LD, EV 95.0 MPH)
Bottom of the 2nd over - 0 runs, 1 hit, 1 error, 3 left on base; Detroit 1 - Hamilton 0
TOP OF THE 3RD
Detroit Red Wings batting - Pitching for Hamilton Cardinals : RHP Joaquin Gonzales
Batting: SHB Roderick Speed 0-0: Ball
1-0: Swinging Strike
1-1: Ball
2-1: Ball
3-1: Foul Ball, location: 2F
3-2: Ground out U3 (Groundball, 3, EV 86.2 MPH)
Batting: RHB António Scarlett 0-0: Called Strike
0-1: Foul Ball, location: 2F
0-2: Ball
1-2: Foul Ball, location: 2F
1-2: Strikes out swinging
Batting: LHB Duda Pinho 0-0: Foul Ball, location: 2F
0-1: Ground out U3 (Groundball, 3, EV 90.0 MPH)
Top of the 3rd over - 0 runs, 0 hits, 0 errors, 0 left on base; Detroit 1 - Hamilton 0
BOTTOM OF THE 3RD
Hamilton Cardinals batting - Pitching for Detroit Red Wings : RHP Edwin Soto
Batting: LHB Rafael Banda 0-0: Ball
1-0: Ball
2-0: Ball
3-0: Called Strike
3-1: Foul Ball, location: 2F
3-2: Strikes out swinging
Batting: SHB J.T. Ready 0-0: Ball
1-0: Ball
2-0: Called Strike
2-1: Foul Ball, location: 2F
2-2: Ball
3-2: Strikes out looking
Batting: RHB Shou-feng Chang 0-0: Ball
1-0: SOLO HOME RUN (Flyball, 7D, EV 98.1 MPH), Distance : 372 ft
Batting: RHB Kyle Franken 0-0: Called Strike
0-1: Ball
1-1: Foul Ball, location: 2F
1-2: Ball
2-2: Ball
3-2: Foul Ball, location: 2F
3-2: DOUBLE (Flyball, 89XD, EV 95.6 MPH)
Batting: RHB Matt Shaw 0-0: Ball
1-0: Swinging Strike
1-1: Called Strike
1-2: Ground out 5-3 (Groundball, 5, EV 108.1 MPH)
Bottom of the 3rd over - 1 run, 2 hits, 0 errors, 1 left on base; Detroit 1 - Hamilton 1
TOP OF THE 4TH
Detroit Red Wings batting - Pitching for Hamilton Cardinals : RHP Joaquin Gonzales
Batting: LHB Iestyn Peacock 0-0: Foul Ball, location: 2F
0-1: Foul Ball, location: 2F
0-2: Ball
1-2: Foul Ball, location: 2F
1-2: Ground out 4-3 (Groundball, 4, EV 81.2 MPH)
Batting: RHB Harry Tugnut 0-0: Ball
1-0: Foul Ball, location: 2F
1-1: Ball
2-1: Ball
3-1: Called Strike
3-2: Base on Balls
Batting: RHB Alex Duarte 0-0: Ball
1-0: Ball
2-0: Foul Ball, location: 2F
2-1: Foul Ball, location: 2F
2-2: Ball
3-2: Strikes out swinging
Batting: LHB Simon Barry 0-0: Ball
1-0: Called Strike
1-1: Ball
2-1: Swinging Strike
2-2: SINGLE (Groundball, 34D, EV 101.9 MPH)
Harry Tugnut to second
Runner from 2nd tries for 3rd, SAFE, throw by RF made to third
Batting: RHB Carlos Avila 0-0: Fly out, F8 (Line Drive, 8LM, EV 105.6 MPH)
Top of the 4th over - 0 runs, 1 hit, 0 errors, 2 left on base; Detroit 1 - Hamilton 1
BOTTOM OF THE 4TH
Hamilton Cardinals batting - Pitching for Detroit Red Wings : RHP Edwin Soto
Batting: SHB Brad Meyer 0-0: Called Strike
0-1: Foul Ball, location: 2F
0-2: SINGLE (Groundball, 56D, EV 104.4 MPH)
Batting: SHB Felipe Campanella 0-0: Foul Ball, location: 2F
0-1: Fly out, F8 (Flyball, 8RD, EV 101.9 MPH)
Batting: RHB Oscar Higareda 0-0: Called Strike
0-1: Fielders Choice at 2nd, 6-4 (Groundball, 6, EV 88.1 MPH)
Batting: SHB Kelly Brooks 0-0: Ball
1-0: Called Strike
1-1: Called Strike
1-2: Strikes out looking
Bottom of the 4th over - 0 runs, 1 hit, 0 errors, 1 left on base; Detroit 1 - Hamilton 1
TOP OF THE 5TH
Detroit Red Wings batting - Pitching for Hamilton Cardinals : RHP Joaquin Gonzales
Batting: RHB Cody Kafer 0-0: Called Strike
0-1: Called Strike
0-2: Strikes out looking
Batting: SHB Roderick Speed 0-0: Called Strike
0-1: Called Strike
0-2: Ball
1-2: Ball
2-2: Foul Ball, location: 2F
2-2: Ball
3-2: Strikes out looking
Batting: RHB António Scarlett 0-0: Ball
1-0: Ground out 5-3 (Groundball, 56, EV 101.9 MPH)
Top of the 5th over - 0 runs, 0 hits, 0 errors, 0 left on base; Detroit 1 - Hamilton 1
BOTTOM OF THE 5TH
Hamilton Cardinals batting - Pitching for Detroit Red Wings : RHP Edwin Soto
Batting: LHB Rafael Banda 0-0: Ground out 5-3 (Groundball, 6, EV 85.6 MPH)
Batting: SHB J.T. Ready 0-0: Ball
1-0: Foul Ball, location: 2F
1-1: Foul Ball, location: 2F
1-2: Foul Ball, location: 2F
1-2: Ball
2-2: Foul Ball, location: 2F
2-2: Fly out, F9 (Flyball, 89M, EV 93.1 MPH)
Batting: RHB Shou-feng Chang 0-0: SINGLE (Line Drive, 9S, EV 106.9 MPH)
Batting: RHB Kyle Franken 0-0: Swinging Strike
0-1: Ball
1-1: Called Strike
1-2: Ball
2-2: Foul Ball, location: 2F
2-2: Ball
3-2: Fly out, F8 (Line Drive, 8LD, EV 105.6 MPH)
Bottom of the 5th over - 0 runs, 1 hit, 0 errors, 1 left on base; Detroit 1 - Hamilton 1
TOP OF THE 6TH
Detroit Red Wings batting - Pitching for Hamilton Cardinals : RHP Joaquin Gonzales
Batting: LHB Duda Pinho 0-0: Swinging Strike
0-1: Ball
1-1: Ball
2-1: Foul Ball, location: 2F
2-2: Ball
3-2: Base on Balls
Batting: LHB Iestyn Peacock 0-0: Called Strike
Duda Pinho steals 2nd base
0-1: Ball
Duda Pinho steals 3rd base
1-1: Ball
2-1: Ball
3-1: Called Strike
3-2: Base on Balls
Batting: RHB Harry Tugnut 0-0: Fly out, F9 (Line Drive, 9S, EV 89.4 MPH)
Batting: RHB Alex Duarte 0-0: Ball
1-0: Foul Ball, location: 2F
1-1: Called Strike
1-2: SINGLE (Groundball, 56D, EV 111.2 MPH)
Duda Pinho scores
Iestyn Peacock to second
Batting: LHB Simon Barry 0-0: Fly out, F8 (Flyball, 8RM, EV 86.9 MPH)
Batting: RHB Carlos Avila 0-0: Swinging Strike
0-1: Ball
1-1: Called Strike
1-2: Ball
2-2: Foul Ball, location: 2F
2-2: Ball
3-2: Base on Balls
Iestyn Peacock to third
Alex Duarte to second
Batting: RHB Cody Kafer 0-0: Called Strike
0-1: Swinging Strike
0-2: Strikes out swinging
Top of the 6th over - 1 run, 1 hit, 0 errors, 3 left on base; Detroit 2 - Hamilton 1
BOTTOM OF THE 6TH
Hamilton Cardinals batting - Pitching for Detroit Red Wings : RHP Edwin Soto
Batting: RHB Matt Shaw 0-0: Fly out, F9 (Flyball, 9S, EV 87.5 MPH)
Batting: SHB Brad Meyer 0-0: Ball
1-0: Ball
2-0: Ball
3-0: Called Strike
3-1: Base on Balls
Batting: SHB Felipe Campanella 0-0: Called Strike
0-1: Swinging Strike
0-2: Strikes out swinging
Pitching: RHP Mike Valdivia
Pinch Hitting: LHB Pete Mitchell 0-0: Called Strike
0-1: Ball
1-1: Foul Ball, location: 2F
1-2: Foul Ball, location: 2F
1-2: Ball
2-2: Ball
3-2: Strikes out looking
Bottom of the 6th over - 0 runs, 0 hits, 0 errors, 1 left on base; Detroit 2 - Hamilton 1
TOP OF THE 7TH
Detroit Red Wings batting - Pitching for Hamilton Cardinals : RHP Joaquin Gonzales
Pitching: RHP Norietsu Higashi
Now at 2B: Dan Wages
Batting: SHB Roderick Speed 0-0: Ball
1-0: Ball
2-0: Ball
3-0: Called Strike
3-1: Fly out, F8 (Line Drive, 8RM, EV 92.5 MPH)
Batting: RHB António Scarlett 0-0: Swinging Strike
0-1: Swinging Strike
0-2: Foul Ball, location: 2F
0-2: Strikes out swinging
Batting: LHB Duda Pinho 0-0: Called Strike
0-1: Swinging Strike
0-2: Strikes out swinging
Top of the 7th over - 0 runs, 0 hits, 0 errors, 0 left on base; Detroit 2 - Hamilton 1
BOTTOM OF THE 7TH
Hamilton Cardinals batting - Pitching for Detroit Red Wings : RHP Mike Valdivia
Batting: SHB Kelly Brooks 0-0: Ball
1-0: Fly out, F6 (Popup, 6M, EV 75.0 MPH)
Batting: LHB Rafael Banda 0-0: Ball
1-0: Ball
2-0: Called Strike
2-1: Ground out 6-3 (Groundball, 4MD, EV 101.2 MPH)
Batting: SHB J.T. Ready 0-0: Called Strike
0-1: SINGLE (Line Drive, 8RS, EV 90.6 MPH)
Batting: RHB Shou-feng Chang 0-0: Ball
J.T. Ready is caught stealing 2nd base 2-4
Bottom of the 7th over - 0 runs, 1 hit, 0 errors, 0 left on base; Detroit 2 - Hamilton 1
TOP OF THE 8TH
Detroit Red Wings batting - Pitching for Hamilton Cardinals : RHP Norietsu Higashi
Pitching: LHP Tim Dyer
Batting: LHB Iestyn Peacock 0-0: Ball
1-0: Ball
2-0: Fly out, F8 (Flyball, 8LM, EV 83.1 MPH)
Pitching: LHP Craig Soole
Batting: RHB Harry Tugnut 0-0: Called Strike
0-1: Swinging Strike
0-2: Ball
1-2: Strikes out swinging
Batting: RHB Alex Duarte 0-0: Ball
1-0: Foul Ball, location: 2F
1-1: Called Strike
1-2: Ball
2-2: Strikes out swinging
Top of the 8th over - 0 runs, 0 hits, 0 errors, 0 left on base; Detroit 2 - Hamilton 1
BOTTOM OF THE 8TH
Hamilton Cardinals batting - Pitching for Detroit Red Wings : RHP Mike Valdivia
Batting: RHB Shou-feng Chang 0-0: Ball
1-0: Swinging Strike
1-1: Swinging Strike
1-2: Strikes out swinging, 2-3 out at first.
Batting: RHB Kyle Franken 0-0: Ball
1-0: Fly out, F8 (Flyball, 8RM, EV 86.2 MPH)
Pinch Hitting: RHB Arnold Schuler 0-0: Fly out, F8 (Flyball, 8LS, EV 96.2 MPH)
Bottom of the 8th over - 0 runs, 0 hits, 0 errors, 0 left on base; Detroit 2 - Hamilton 1
TOP OF THE 9TH
Detroit Red Wings batting - Pitching for Hamilton Cardinals : LHP Craig Soole
Now in RF: Arnold Schuler
Batting: LHB Simon Barry 0-0: Ball
1-0: Foul Ball, location: 2F
1-1: Called Strike
1-2: Foul Ball, location: 2F
1-2: Foul Ball, location: 2F
1-2: Foul Ball, location: 2F
1-2: Strikes out looking
Pinch Hitting: SHB Isaiah Bias 0-0: Called Strike
0-1: Swinging Strike
0-2: Ball
1-2: Ball
2-2: Foul Ball, location: 2F
2-2: Ball
3-2: Strikes out looking
Pinch Hitting: LHB Ryan Adams 0-0: Called Strike
0-1: Ball
1-1: Ball
2-1: Called Strike
2-2: Ball
3-2: SINGLE (Groundball, 34D, EV 102.5 MPH)
Batting: SHB Roderick Speed 0-0: Ball
1-0: Foul Ball, location: 2F
1-1: Ball
2-1: Called Strike
2-2: Strikes out swinging
Top of the 9th over - 0 runs, 1 hit, 0 errors, 1 left on base; Detroit 2 - Hamilton 1
BOTTOM OF THE 9TH
Hamilton Cardinals batting - Pitching for Detroit Red Wings : RHP Mike Valdivia
Now at 2B: Ryan Adams
Now in LF: John Barton
Batting: LHB Doug Nebel 0-0: Ball
1-0: Swinging Strike
1-1: Foul Ball, location: 2F
1-2: Ball
2-2: Ball
3-2: Ground out U3 (Groundball, 34, EV 85.6 MPH)
Pinch Hitting: SHB Jae-hong Kym 0-0: Called Strike
0-1: Foul Ball, location: 2F
0-2: Foul Ball, location: 2F
0-2: Ball
1-2: Strikes out swinging
Batting: RHB Dan Wages 0-0: SINGLE (Groundball, 6MD, EV 110.6 MPH)
Batting: SHB Kelly Brooks 0-0: Called Strike
0-1: Swinging Strike
0-2: Ball
1-2: SINGLE (Line Drive, 78D, EV 105.6 MPH)
Dan Wages to second
Runner from 2nd tries for 3rd, SAFE, throw by LF made to third
Pitching: RHP Danny Whitfield
Batting: LHB Rafael Banda 0-0: Fly out, F8 (Flyball, 8LM, EV 88.1 MPH)
Bottom of the 9th over - 0 runs, 2 hits, 0 errors, 2 left on base; Detroit 2 - Hamilton 1
Tuesday, March 28th , 2023 - OOTP Baseball 23.10 Build 110